 Dungeon Crawl Stone Soup version 0.28-a0-265-g048bc9fd10 (webtiles) character file.

Game seed: 4831831294708867763

609 Shayle the Ducker (level 7, -9/52 HPs)
             Began as a Djinni Warper on Aug 28, 2021.
             Killed by nerve-wracking pain
             ... invoked by Menkaure
              (11 damage)
             ... on level 6 of the Dungeon.
             The game lasted 00:11:37 (4939 turns).

Shayle the Ducker (Djinni Warper)                   Turns: 4939, Time: 00:11:39

Health: -9/52      AC:  4    Str: 10    XL:     7   Next: 71%
Gold:   150        EV: 13    Int: 16    God:
                   SH:  0    Dex: 13

rFire   + + +      SeeInvis .   q - +3 long sword
rCold   . . .      Faith    .   (no shield)
rNeg    . . .      Spirit   .   a - +0 leather armour
rPois   ∞          Reflect  .   j - +0 helmet
rElec   +          Harm     .   (no cloak)
rCorr   +          Rampage  .   (no gloves)
Will    .....                   (boots unavailable)
Stlth   +.........              (no amulet)
HPRegen 0.17/turn               s - ring of wizardry
MPRegen 0.00/turn               (no ring)

@: mighty, resistant, flying
A: sickness immunity, fire resistance 2, cold vulnerability 1, float, innate
caster, hp casting, extra vitality 1
a: no special abilities


You were on level 6 of the Dungeon.
You visited 1 branch of the dungeon, and saw 6 of its levels.

You collected 150 gold pieces.

Inventory:

Hand Weapons
 q - a +3 long sword (weapon)
Missiles
 c - 3 boomerangs of dispersal (quivered)
Armour
 a - a +0 leather armour (worn)
 j - a +0 helmet (worn)
Jewellery
 s - a ring of wizardry (left hand)
Wands
 k - a wand of flame (17)
Scrolls
 d - 2 scrolls of fog
 f - a scroll of amnesia {unknown}
 g - a scroll of summoning {unknown}
 h - a scroll of fear {unknown}
 i - a scroll of enchant armour {unknown}
 m - a scroll of identify
 o - a scroll of silence {unknown}
 r - a scroll of magic mapping {unknown}
 t - a scroll of torment {unknown}
 u - a scroll of noise {unknown}
Potions
 e - a potion of might


   Skills:
 + Level 4.2 Fighting
 - Level 0.7 Throwing
 - Level 1.0 Armour
 + Level 4.7 Dodging
 + Level 4.3 Unarmed Combat
 + Level 3.8 Spellcasting


You couldn't memorise any spells.
You knew the following spells:

 Your Spells              Type           Power      Damage    Failure   Level
a - Blink                 Tloc           N/A        N/A       3%          2
b - Lesser Beckoning      Tloc           7%         N/A       6%          3
c - Gell's Gravitas       Tloc           7%         N/A       6%          3
d - Teleport Other        Tloc           15%        N/A       6%          3
e - Manifold Assault      Tloc           15%        N/A       45%         5
f - Shock                 Conj/Air       60%        1d6       1%          1
g - Passwall              Tmut/Erth      12%        N/A       3%          2
h - Dazzling Flash        Conj/Hex       30%        N/A       6%          3
Your spell library was empty.

Dungeon Overview and Level Annotations

Branches:
Dungeon (6/15)
 Temple: D:4-7

Altars:
Trog

Annotations:
D:3 3 runed translucent doors, Dittersdorf's ghost, amateur GrFi
D:4 1 runed translucent door, Crazy Yiuf
D:6 Menkaure


Innate Abilities, Weirdness & Mutations

You are immune to sickness and miasma.
You are immune to poison.
Your flesh is very heat resistant. (rF++)
You are vulnerable to cold. (rC-)
You float through the air rather than walking.
You learn spells naturally, not from books.
Your magical power is your life essence.
You have superior vitality. (+4 HP)


Message History

The hound bites you.
* * * LOW HITPOINT WARNING * * *
The adder bites you.
* * * LOW HITPOINT WARNING * * *
The hound closely misses you.
Blink to where?
Press: ? - help, Dir - move target
As you read the scroll of blinking, it crumbles to dust.
Menkaure closely misses you. x2
You fly downwards.
Found a stone staircase leading down.
There is a stone staircase leading up here.
Unknown command.
Okay, then.
Okay, then.
You hit Menkaure but do no damage.
The sentinel's mark upon you fades away.
Menkaure calls on the powers of darkness!
Your body is wracked with pain!
* * * LOW HITPOINT WARNING * * *
You feel very mighty all of a sudden. Menkaure closely misses you.
You hit Menkaure but do no damage. Menkaure hits you.
* * * LOW HITPOINT WARNING * * *
Menkaure barely misses you.
You slash Menkaure!
Menkaure is severely damaged.
Menkaure closely misses you.
Menkaure giggles, "These cerements are ticklish..."
Menkaure barely misses you.
You barely miss Menkaure.
Menkaure is severely damaged.
Menkaure hits you.
* * * LOW HITPOINT WARNING * * *
Unknown command.
You hit Menkaure.
Menkaure is almost destroyed.
Menkaure casts a spell at you. Pain shoots through your body!
You die...

### ..#
#.# ##.#
..#
####M#
#...@#
..>..####
##.


You could see Menkaure (fast).

Vanquished Creatures
  An ogre (D:3)
  2 phantoms
  A wight (D:5)
  A gnoll shaman (D:4)
  2 bullfrog skeletons (D:5)
  An iguana (D:5)
  Natasha (thrice) (D:3)
  Terence (D:3)
  5 adders
  A shadow imp (D:5)
  2 worms
  2 dart slugs
  3 orcs
  4 endoplasms
  4 giant cockroaches
  8 hobgoblins
  5 kobolds
  6 quokkas
  6 ball pythons
  4 bats
  5 rats
67 creatures vanquished.

Notes
Turn   | Place    | Note
-------+----------+-------------------------------------------
     0 | D:1      | Shayle the Djinni Warper began the quest for the Orb.
     0 | D:1      | Reached XP level 1. HP: 18/18 MP: 0/0
   365 | D:1      | Found a faded altar of an unknown god.
   368 | D:1      | Reached XP level 2. HP: 23/23 MP: 0/0
  1254 | D:2      | Reached XP level 3. HP: 20/29 MP: 0/0
  1254 | D:2      | Learned a level 1 spell: Shock
  1710 | D:2      | Reached XP level 4. HP: 23/34 MP: 0/0
  1824 | D:2      | Found a bloodstained altar of Trog.
  2466 | D:3      | Noticed Natasha
  2480 | D:3      | Killed Natasha
  2796 | D:3      | Found a runed translucent gate.
  2796 | D:3      | Found a runed translucent gate.
  2796 | D:3      | Found a runed translucent gate.
  2963 | D:3      | Reached XP level 5. HP: 38/40 MP: 0/0
  2963 | D:3      | Learned a level 2 spell: Passwall
  3004 | D:3      | Noticed Natasha
  3011 | D:3      | Killed Natasha
  3031 | D:3      | Noticed Natasha
  3036 | D:3      | Killed Natasha
  3166 | D:3      | Noticed an ogre
  3176 | D:3      | Killed an ogre
  3177 | D:3      | Reached XP level 6. HP: 38/46 MP: 0/0
  3461 | D:3      | Noticed Terence
  3470 | D:3      | Killed Terence
  3798 | D:3      | Noticed Dittersdorf's ghost (amateur GrFi)
  4186 | D:4      | Found a runed translucent door.
  4187 | D:4      | Noticed Crazy Yiuf
  4445 | D:4      | Reached XP level 7. HP: 24/51 MP: 0/0
  4445 | D:4      | Learned a level 3 spell: Dazzling Flash
  4643 | D:5      | Entered Level 5 of the Dungeon
  4923 | D:5      | Noticed Menkaure
  4938 | D:6      | HP: 2/52 [Menkaure (2)]
  4939 | D:6      | Killed from afar by Menkaure

Illustrated notes

Levels and vault maps discovered:
D:1:      co_arrival_random_square_maze, layout_rooms,
          chequers_ecumenical_altar_island
D:2:      layout_loops_ring, basic_altar
D:3:      layout_basic, gammafunk_ghost_icy, minmay_fractal_squares_gapless_5,
          uniq_natasha, uniq_terence
D:4:      layout_cave_pools, nemelex_diamond_rough_becter,
          minmay_temple_entry_hall, minmay_between, uniq_crazy_yiuf_cottage
D:5:      minmay_general_purpose_star, layout_basic, uniq_sigmund,
          uniq_blork_the_orc, uniq_menkaure, uniq_prince_ribbit1
D:6:      layout_basic, nicolae_gozag_cash_rules_everything_around_me,
          uniq_eustachio

Skill      XL: |  1  2  3  4  5  6  7 |
---------------+----------------------+-----
Dodging        | 3 4 |  4.7
Fighting       | 3 4 |  4.2
Unarmed Combat | 3 4 |  4.3
Spellcasting   | 3 |  3.8
Throwing       | |  0.7
Armour         | |  1.0

Action                   |  1- 3 |  4- 6 |  7- 9 || total
-------------------------+-------+-------+-------++-------
Melee: Unarmed           |    72 |    18 |     3 ||    93
       Long sword        |       |       |    27 ||    27
       Punch             |       |       |     1 ||     1
Throw: Boomerang         |     1 |     1 |       ||     2
 Cast: Shock             |    19 |   107 |    17 ||   143
  Use: Scroll            |       |     3 |     1 ||     4
       Potion            |       |       |     4 ||     4
 Stab: Sleeping          |       |     1 |       ||     1
Armor: Leather armour    |    21 |     8 |     6 ||    35
Dodge: Dodged            |    50 |    24 |    40 ||   114

Table legend: (Time is in decaauts)
 A = Elapsed time spent in this place.
 B = Non-inter-level travel time spent in this place.
 C = Inter-level travel time spent in this place.
 D = Time resting spent in this place.
 E = Time spent auto-exploring this place.
 F = Levels seen in this place.
 G = Mean time per level.
                   A        B        C        D        E       F      G
               +--------+--------+--------+--------+--------+-----+--------+
         Total |   4943 |   4882 |     61 |   1003 |   3226 |   6 |  823.8 |
       Dungeon |   4943 |   4882 |     61 |   1003 |   3226 |   6 |  823.8 |
               +--------+--------+--------+--------+--------+-----+--------+

Top non-repeatable levels by time:
     D:3: 1709 daAuts
     D:1: 1242 daAuts
     D:2: 1164 daAuts
     D:4: 522 daAuts
     D:5: 297 daAuts
     D:6: 7 daAuts
